 Dungeon Crawl Stone Soup version 0.25-a0-443-gece2dee8bd (webtiles) character file.

Game seed: 1881055013201945547, levelgen mode: deterministic

3284 Lugonue the Grappler (level 10, -7/77 HPs)
             Began as a Ghoul Necromancer on Jan 30, 2020.
             Was a Believer of Vehumet.
             Mangled by an ogre
             ... wielding a +0 giant club
              (20 damage)
             ... on level 6 of the Dungeon.
             The game lasted 00:22:05 (5650 turns).

Lugonue the Grappler (Ghoul Necromancer)            Turns: 5650, Time: 00:22:06

Health: -7/77      AC:  8    Str: 13    XL:     10   Next: 0%
Magic:  11/16      EV: 14    Int: 17    God:    Vehumet [**....]
Gold:   534        SH:  0    Dex: 10    Spells: 3/18 levels left

rFire    . . .     SeeInvis .     - Unarmed
rCold    + . .     Gourm    .   (no shield)
rNeg     + + +     Faith    .   a - +0 robe
rPois    ∞         Spirit   .   k - +2 helmet
rElec    .         Reflect  .   e - +2 cloak
rCorr    .         Harm     .   (no gloves)
MR       .....                  (no boots)
Stlth    ++++......             (no amulet)
HPRegen  0.00/turn              i - +5 ring of intelligence
MPRegen  0.15/turn              d - ring of stealth

@: very slightly contaminated, rotting
A: rotting body, claws 1, carnivore, cold resistance 1, negative energy
resistance 3, inhibited regeneration, torment resistance, unbreathing
a: Renounce Religion


You were on level 6 of the Dungeon.
You worshipped Vehumet.
Vehumet was pleased with you.
You were not hungry.

You visited 1 branch of the dungeon, and saw 9 of its levels.

You collected 534 gold pieces.

Inventory:

Armour
 a - a +0 robe (worn)
 e - a +2 cloak (worn)
 k - a +2 helmet (worn)
Jewellery
 d - a ring of stealth (right claw)
 i - a +5 ring of intelligence (left claw)
 j - an uncursed ring of protection from magic
Wands
 m - a wand of flame (37)
Scrolls
 b - a scroll of remove curse
 f - 2 scrolls of teleportation
 h - 4 scrolls of identify
 o - a scroll of magic mapping {unknown}
 r - a scroll of enchant weapon
Potions
 g - a potion of heal wounds
 l - 3 potions of curing
 p - a potion of might
 q - a potion of lignification {unknown}
Comestibles
 c - 9 rations
 n - 5 chunks of flesh


   Skills:
 + Level 3.3 Fighting
 + Level 5.9 Dodging
 + Level 5.1 Stealth
 + Level 9.0 Unarmed Combat
 + Level 4.9 Spellcasting
 + Level 0.1 Conjurations
 + Level 0.7 Hexes
 + Level 6.1 Necromancy


You had 3 spell levels left.
You knew the following spells:

 Your Spells              Type           Power        Failure   Level  Hunger
a - Pain                  Necr           ####         1%          1    None
b - Vampiric Draining     Necr           ####......   3%          3    ###....
c - Animate Dead          Necr           N/A          12%         4    ####...
d - Magic Dart            Conj           #...         14%         1    None
e - Confusing Touch       Hex            #.......     32%         3    ###....
f - Stone Arrow           Conj/Erth      #.....       38%         3    ###....

Your spell library contained the following spells:

 Spells                   Type           Power        Failure   Level  Hunger
 Animate Skeleton         Necr           N/A          1%          1    None
 Corona                   Hex            #......      11%         1    None
 Foxfire                  Conj/Fire      #...         14%         1    None
 Ensorcelled Hibernation  Hex/Ice        #.....       19%         2    #......
 Tukima's Dance           Hex            #.......     32%         3    ###....
 Dazzling Flash           Conj/Hex       #.....       36%         3    ###....
 Inner Flame              Hex/Fire       #.......     36%         3    ###....
 Conjure Flame            Conj/Fire      #.......     38%         3    ###....
 Agony                    Necr           ####....     32%         5    ######.
 Sticky Flame             Conj/Fire      #.......     80%         4    ####...
 Fireball                 Conj/Fire      #.........   98%         5    ######.


Dungeon Overview and Level Annotations

Branches:
Dungeon (9/15)             Temple (0/1) D:6
   Lair: D:8-11         Orc: D:9-12

Altars:
Cheibriados
Gozag
Hepliaklqana
Makhleb
Nemelex Xobeh
Okawaru
Qazlal
Ru
Sif Muna
Trog
Uskayaw
Vehumet
Wu Jian

Shops:
D:4 :


Innate Abilities, Weirdness & Mutations

Your body is rotting away.
You thrive on raw meat.
You are immune to poison.
You have sharp fingernails.
You are carnivorous and can eat meat at any time.
Your flesh is cold resistant. (rC+)
You are immune to negative energy. (rN+++)
You do not regenerate when monsters are visible.
You are immune to unholy pain and torment.
You can survive without breathing.


Message History

The ogre is lightly wounded.
Casting: Magic Dart (safe; 14% risk of failure)
Confirm with . or Enter, or press ? or * to list all spells.
Your claws begin to glow red.
The ogre hits you with a +0 giant club!
You scratch the ogre but do no damage.
The ogre is lightly wounded.
The ogre hits you with a +0 giant club!!
You are too injured to fight recklessly!
You scratch the ogre but do no damage.
The ogre is lightly wounded.
You scratch the ogre but do no damage.
The ogre appears confused.
The ogre is lightly wounded.
You are too injured to fight recklessly!
The ogre hits you with a +0 giant club!!
* * * LOW HITPOINT WARNING * * *
You scratch the ogre.
The ogre is moderately wounded.
The ogre hits you with a +0 giant club!!
You die...

......# ##...........###
......# #..<##...#.....##
......####...#...##......##
..##.......#[.............#
####....#.)#.....#..##....###
##...####.#.....>##..#......#
#..........>.....##........##
#..........##.........###.##
............#...@O...## ###
#....................#
..................#.##
...............##.###
#.................#
#............#...##
.......#..#..#####
..#....####### ..######


You could see an ogre (confused).

Vanquished Creatures
  Pikel (D:5)
  A hippogriff (D:8)
  A steam dragon (D:6)
  An ice beast (D:6)
  3 black bears
  A phantom (D:9)
  4 ogres
  A centaur (D:7)
  2 bullfrogs
  A water moccasin skeleton (D:6)
  3 wights (D:6)
  6 howler monkeys
  2 crimson imps (D:6)
  A centaur zombie (D:4)
  An orc wizard (D:5)
  6 hounds
  2 centaur skeletons (D:4)
  Crazy Yiuf (D:2)
  2 bullfrog skeletons
  An orc priest (D:5)
  A jelly (D:8)
  Ijyb (D:5)
  3 iguanas
  8 worker ants
  A hell rat (D:5)
  A killer bee zombie (D:6)
  A hound zombie (D:8)
  A worker ant zombie (D:5)
  7 adders
  A gnoll (D:3)
  6 river rats (D:5)
  3 worms (D:2)
  A dart slug (D:2)
  5 leopard geckos
  13 orcs
  6 giant cockroaches
  9 goblins
  8 hobgoblins
  6 jackals
  11 kobolds
  3 quokkas
  3 ball pythons
  A ball python skeleton (D:4)
  6 bats
  5 frilled lizards
  A jackal skeleton (D:6)
  A quokka skeleton (D:4)
  18 rats
  A fungus (D:2)
173 creatures vanquished.

Vanquished Creatures (others)
  An orc wizard (D:5)
  A worker ant zombie (D:5)
  4 orcs (D:5)
6 creatures vanquished.

Grand Total: 179 creatures vanquished

Notes
Turn   | Place    | Note
-------+----------+-------------------------------------------
     0 | D:1      | Lugonue the Ghoul Necromancer began the quest for the Orb.
     0 | D:1      | Reached XP level 1. HP: 14/14 MP: 2/2
   187 | D:1      | Reached XP level 2. HP: 20/20 MP: 3/3
   205 | D:1      | Reached skill level 1 in Unarmed Combat
   600 | D:2      | Reached XP level 3. HP: 10/26 MP: 0/5
   822 | D:2      | Found a snail-covered altar of Cheibriados.
  1047 | D:2      | Found an opulent altar of Gozag.
  1069 | D:2      | Reached XP level 4. HP: 24/33 MP: 1/6
  1096 | D:2      | Learned a level 3 spell: Vampiric Draining
  1380 | D:2      | Found a runed translucent door.
  1381 | D:2      | Noticed Crazy Yiuf
  1401 | D:2      | Killed Crazy Yiuf
  1401 | D:2      | Reached skill level 2 in Unarmed Combat
  1497 | D:3      | Reached XP level 5. HP: 27/39 MP: 1/7
  1671 | D:3      | Found a sparkling altar of Nemelex Xobeh.
  1863 | D:3      | Reached skill level 3 in Unarmed Combat
  2067 | D:4      | Reached XP level 6. HP: 26/45 MP: 6/9
  2073 | D:4      | Learned a level 4 spell: Animate Dead
  2083 | D:4      | Found a radiant altar of Vehumet.
  2197 | D:4      | Became a worshipper of Vehumet
  2267 | D:4      | Reached skill level 4 in Unarmed Combat
  2309 | D:4      | Reached skill level 1 in Fighting
  2309 | D:4      | Reached XP level 7. HP: 30/52 MP: 10/10
  2412 | D:4      | Found Vunickex's Book Emporium.
  2702 | D:5      | Entered Level 5 of the Dungeon
  2727 | D:5      | Reached skill level 5 in Necromancy
  2744 | D:5      | Found an iron altar of Okawaru.
  2744 | D:5      | Found a shimmering blue altar of Sif Muna.
  2744 | D:5      | Found a hazy altar of Hepliaklqana.
  2747 | D:5      | Found a sacrificial altar of Ru.
  2747 | D:5      | Found a hide-covered altar of Uskayaw.
  2748 | D:5      | Found a stormy altar of Qazlal.
  2773 | D:5      | Reached skill level 5 in Unarmed Combat
  2879 | D:5      | Found a burning altar of Makhleb.
  3052 | D:5      | Noticed Pikel
  3092 | D:5      | Killed Pikel
  3092 | D:5      | Reached skill level 6 in Unarmed Combat
  3092 | D:5      | Reached XP level 8. HP: 41/61 MP: 3/12
  3178 | D:5      | Noticed Ijyb
  3211 | D:5      | Killed Ijyb
  3328 | D:5      | Reached * piety under Vehumet
  3328 | D:5      | Offered knowledge of Magic Dart by Vehumet.
  3331 | D:5      | Learned a level 1 spell: Magic Dart
  3364 | D:5      | Found the +2 ratskin cloak {+Rats rPois rN+ Str-1 Int-1
                  | Dex+1}
  3518 | D:5      | Found an ornate altar of the Wu Jian Council.
  3696 | D:6      | Reached skill level 7 in Unarmed Combat
  3764 | D:6      | You fall into a shaft and drop 3 floors!
  3819 | D:8      | Found a bloodstained altar of Trog.
  3882 | D:9      | Reached XP level 9. HP: 32/67 MP: 11/14
  3905 | D:9      | Noticed a troll
  3945 | D:8      | Reached ** piety under Vehumet
  3945 | D:8      | Offered knowledge of Sandblast by Vehumet.
  3956 | D:8      | HP: 2/67 [black bear (13)]
  3958 | D:8      | Reached skill level 5 in Dodging
  4023 | D:8      | Found a radiant altar of Vehumet.
  4493 | D:7      | Learned a level 3 spell: Confusing Touch
  4608 | D:7      | Reached skill level 8 in Unarmed Combat
  5029 | D:6      | Found a staircase to the Ecumenical Temple.
  5431 | D:6      | Offered knowledge of Stone Arrow by Vehumet.
  5436 | D:6      | Learned a level 3 spell: Stone Arrow
  5449 | D:6      | Reached skill level 5 in Stealth
  5548 | D:6      | Reached skill level 9 in Unarmed Combat
  5548 | D:6      | Reached XP level 10. HP: 42/76 MP: 7/16
  5550 | D:6      | Got a dazzling short sword
  5551 | D:6      | Identified the +2 short sword of Oenomania {protect, rPois
                  | rC+ Str-2 Int+8} (You found it on level 6 of the Dungeon)
  5650 | D:6      | Mangled by an ogre

Levels and vault maps discovered:
D:1:      lemuel_arrival_river_ford, layout_rooms, lemuel_flame_loot_1
D:2:      layout_loops_ring, old_standard_altar, kennysheep_slug_shrine,
          uniq_crazy_yiuf_cottage
D:3:      minmay_skewed_foursquare, layout_loops_ring,
          nemelex_xobeh_ov_fountains_minmay
D:4:      layout_loops_cross, vehumet_crystals, serial_shops,
          kennysheep_mini_moat, serial_bayou_pond_e, hangedman_decor_opposing
D:5:      wander_guarded_unrand_ratskin, layout_layer_cave, lemuel_round_altar,
          grunt_temple_overflow_open, first_ration, makhleb_blood_cavern_becter,
          uniq_ijyb, uniq_pikel
D:6:      layout_cave_pools, minmay_temple_entry_from_below_b
D:7:      layout_basic
D:8:      layout_basic, trog_ov_bears_minmay, vehumet_altar_wand_db, uniq_grum
D:9:      layout_roguey, erik_lair_orcish_takeover, orc_0_dummy

Skill      XL: |  1  2  3  4  5  6  7  8  9 |
---------------+----------------------------+-----
Unarmed Combat | 1 2 3 4 6 7 9 |  9.0
Dodging        | 2 3 4 5 |  5.9
Spellcasting   | 2 3 4 |  4.9
Stealth        | 3 4 5 |  5.1
Fighting       | 1 2 3 |  3.3
Necromancy     | 5 6 |  6.1
Conjurations   | |  0.1
Hexes          | |  0.7

Action                   |  1- 3 |  4- 6 |  7- 9 | 10-12 || total
-------------------------+-------+-------+-------+-------++-------
Melee: Unarmed           |   126 |   219 |   428 |     4 ||   777
       Punch             |       |     3 |    11 |       ||    14
 Cast: Pain              |    28 |     9 |     5 |       ||    42
       Vampiric Draining |       |     5 |    29 |     1 ||    35
       Magic Dart        |       |       |     8 |     2 ||    10
       Confusing Touch   |       |       |     2 |     1 ||     3
  Use: Scroll            |       |    12 |     1 |       ||    13
       Potion            |       |     3 |     4 |       ||     7
 Stab: Sleeping          |     2 |     6 |    16 |       ||    24
  Eat: Chunk             |    22 |    18 |    37 |     1 ||    78
Armor: Robe              |    47 |    56 |   129 |       ||   232
Dodge: Dodged            |   117 |   122 |   327 |       ||   566

Table legend:
 A = Non-vault XP
 B = Vault XP
 C = Vault XP percentage of total XP
 D = Non-vault monster count
 E = Vault monster count
 F = Vault count percentage of total count
                 A         B        C        D         E       F
            +---------+---------+-------+---------+---------+-------
      Total |    3524 |    1168 |  24.9 |     137 |      36 |  20.8
            +---------+---------+-------+---------+---------+-------
        D:1 |      17 |       0 |   0.0 |      11 |       0 |   0.0
        D:2 |      89 |      45 |  33.6 |      27 |       2 |   6.9
        D:3 |     105 |      36 |  25.5 |      19 |       7 |  26.9
        D:4 |     400 |       0 |   0.0 |      15 |       0 |   0.0
        D:5 |     422 |     833 |  66.4 |      20 |      24 |  54.5
        D:6 |    1278 |       0 |   0.0 |      22 |       0 |   0.0
        D:7 |     515 |       0 |   0.0 |      12 |       0 |   0.0
        D:8 |     526 |     254 |  32.6 |       9 |       3 |  25.0
        D:9 |     172 |       0 |   0.0 |       2 |       0 |   0.0
            +---------+---------+-------+---------+---------+-------
